 Dungeon Crawl Stone Soup version 0.29.1-2-gbd0b4ee654 (webtiles) character file.

Game seed: 8022276986740419527

2287 zeram the Cudgeller (level 9, 0/87 HPs)
             Began as a Troll Fighter on Nov 14, 2022.
             Was an Initiate of Gozag.
             Slain by a water moccasin (3 damage)
             ... on level 7 of the Dungeon.
             The game lasted 00:17:30 (5107 turns).

zeram the Cudgeller (Troll Fighter)                 Turns: 5107, Time: 00:17:31

Health: 0/87       AC:  5    Str: 26    XL:     9   Next: 17%
Magic:  12/12      EV: 12    Int:  8    God:    Gozag
Gold:   764        SH:  0    Dex: 13    Spells: 14/14 levels left

rFire   . . .      SeeInvis .   z - +0 giant spiked club
rCold   . . .      Faith    .   (shield currently unavailable)
rNeg    + + .      Spirit   .   b - +1 robe
rPois   +          Reflect  .   y - +0 hat
rElec   .          Harm     .   (no cloak)
rCorr   .          Rampage  .   (gloves unavailable)
Will    .....                   (boots unavailable)
Stlth   +.........              w - amulet of the acrobat
HPRegen 1.04/turn               g - ring of positive energy
MPRegen 0.13/turn               o - ring of Foolhardiness {rPois rN+ Dex+4}

@: lethally poisoned (0 -> -2), gold aura, on berserk cooldown, slowed, very
slow
A: large, unfitting armour, claws 3, regeneration 1, shaggy fur 1, tough skin 1
a: Renounce Religion, Potion Petition, Call Merchant, Bribe Branch


You were on level 7 of the Dungeon.
You worshipped Gozag.
Gozag was pleased with you.
You visited 2 branches of the dungeon, and saw 8 of its levels.

You collected 1626 gold pieces.
You spent 217 gold pieces at shops.
You paid 645 gold pieces to Gozag.

Inventory:

Hand Weapons
 a - a +0 flail
 e - a +2 whip of flaming
 z - a +0 giant spiked club (weapon)
Missiles
 j - 2 throwing nets (quivered)
Armour
 b - a +1 robe (worn)
 c - a +1 kite shield
 y - a +0 hat (worn)
Jewellery
 g - a ring of positive energy (left claw)
 o - the ring of Foolhardiness (right claw) {rPois rN+ Dex+4}
   (You found it on level 2 of the Dungeon)

   [ring of poison resistance]

   Dex:       It affects your dexterity (+4).
   rPois:     It protects you from poison.
   rN:        It protects you from negative energy.
 s - a +6 ring of intelligence
 t - a ring of resist corrosion
 w - an amulet of the acrobat (around neck)
 C - a ring of magical power
Scrolls
 f - 2 scrolls of teleportation
 u - a scroll of enchant armour
 v - 2 scrolls of silence
 x - a scroll of amnesia
 A - 2 scrolls of vulnerability
 B - a scroll of identify
Potions
 d - a potion of resistance
 h - 3 potions of curing
 i - 2 potions of haste
 k - a potion of ambrosia
 l - a potion of mutation
 m - 2 potions of heal wounds
 n - a potion of attraction
 p - 2 potions of brilliance
 q - a potion of berserk rage
 r - 3 potions of degeneration


   Skills:
 + Level 4.9 Fighting
 + Level 7.1 Maces & Flails
 + Level 5.6 Dodging
 - Level 2.6 Shields
 * Level 3.2 Spellcasting


You had 14 spell levels left.
You didn't know any spells.
Your spell library was empty.

Dungeon Overview and Level Annotations

Branches:
Dungeon (7/15)             Temple (1/1) D:6

Altars:
Ashenzari
Dithmenos
Elyvilon
Gozag
Hepliaklqana
Kikubaaqudgha
Makhleb
Nemelex Xobeh
Okawaru
Qazlal
Ru
Sif Muna
Trog
Vehumet
Wu Jian
Xom
Yredelemnul
Zin
The Shining One

Shops:
D:1 (   D:5 *

Annotations:
D:6 2 transporters, jamesblauser's ghost, novice MiBe


Innate Abilities, Weirdness & Mutations

You are too large for most types of armour.
You have claws for hands.
Your natural rate of healing is unusually fast.
You are covered in fur. (AC +1)
You have tough skin. (AC +1)


Message History

Maggie hits you with a +1 morningstar of flaming!
* * * LOW HITPOINT WARNING * * *
Maggie burns you!
* * * LOW HITPOINT WARNING * * *
The iguana closely misses you. The water moccasin barely misses you.
You barely miss Maggie.
Maggie is heavily wounded.
Maggie closely misses you. The iguana barely misses you.
The water moccasin barely misses you.
Unknown command.
You impale Maggie!!
You kill Maggie!
The iguana bites you!
* * * LOW HITPOINT WARNING * * *
The water moccasin bites you.
* * * LOW HITPOINT WARNING * * *
Your Maces & Flails skill increases to level 7!
Unknown command.
You barely miss the water moccasin.
The water moccasin is moderately wounded.
The water moccasin bites you!
* * * LOW HITPOINT WARNING * * *
The iguana is distracted by your dazzling golden aura.
The water moccasin bites you but does no damage.
The iguana hisses angrily.
You closely miss the water moccasin.
The water moccasin is moderately wounded.
You are no longer berserk.
You are exhausted.
You feel yourself slow down. The water moccasin bites you.
* * * LOW HITPOINT WARNING * * *
You are poisoned.
The water moccasin poisons you!
You miss the water moccasin.
The water moccasin is moderately wounded.
* * * LOW HITPOINT WARNING * * *
You feel extremely sick. The water moccasin bites you.
You die...
Your body crumbles into a pile of gold.

#........
#.........#
#.........#
#.........#
#.........#.
#...........
#...........
$
#....S......
#...@l......
#....$......
#########...
.


You could see a water moccasin and an iguana.

Vanquished Creatures
  Maggie (D:7)
  Eustachio (D:5)
  A water moccasin (D:5)
  An ice beast (D:5)
  A black bear (D:5)
  An ogre (D:6)
  A phantom (D:4)
  A bullfrog (D:6)
  A necrophage (D:4)
  A gnoll sergeant (D:6)
  7 scorpions
  4 wights
  3 hounds
  A jelly (D:5)
  5 iguanas
  Ijyb (D:4)
  Natasha (thrice) (D:4)
  2 orc wizards
  7 gnolls
  7 adders
  3 white imps
  5 worms
  2 dart slugs (D:2)
  12 orcs
  6 ball pythons
  4 endoplasms
  2 giant cockroaches
  8 hobgoblins
  6 jackals
  2 kobolds (D:1)
  2 quokkas
  6 bats
  6 frilled lizards
  3 goblins (D:1)
  6 rats
123 creatures vanquished.

Vanquished Creatures (others)
  6 plants (D:6)
6 creatures vanquished.

Grand Total: 129 creatures vanquished

Notes
Turn   | Place    | Note
-------+----------+-------------------------------------------
     0 | D:1      | zeram the Troll Fighter began the quest for the Orb.
     0 | D:1      | Reached XP level 1. HP: 22/22 MP: 0/0
   188 | D:1      | Found Ixets's Weapon Boutique.
   193 | D:1      | Reached XP level 2. HP: 29/29 MP: 1/1
   309 | D:1      | Reached skill level 2 in Maces & Flails
   733 | D:2      | Reached XP level 3. HP: 36/36 MP: 2/2
   872 | D:2      | Identified the ring of Foolhardiness {rPois rN+ Dex+4}
  1126 | D:3      | Reached XP level 4. HP: 40/44 MP: 2/4
  1137 | D:3      | Reached skill level 3 in Maces & Flails
  1222 | D:3      | Reached skill level 1 in Spellcasting
  1327 | D:3      | Reached XP level 5. HP: 52/52 MP: 5/5
  1543 | D:3      | Identified a scroll of acquirement
  1543 | D:3      | Acquired 1227 gold pieces
  1945 | D:4      | Noticed Natasha
  1953 | D:4      | Killed Natasha
  2030 | D:4      | Noticed a phantom
  2039 | D:4      | Killed a phantom
  2040 | D:4      | Reached XP level 6. HP: 51/61 MP: 5/7
  2108 | D:4      | Reached skill level 4 in Maces & Flails
  2248 | D:4      | Noticed Ijyb
  2263 | D:4      | Killed Ijyb
  2399 | D:4      | Noticed Natasha
  2408 | D:4      | Killed Natasha
  2627 | D:4      | Noticed Natasha
  2636 | D:4      | Killed Natasha
  2861 | D:5      | Entered Level 5 of the Dungeon
  2966 | D:5      | Noticed a water moccasin
  2979 | D:5      | Reached XP level 7. HP: 54/67 MP: 8/8
  3224 | D:5      | Reached skill level 5 in Maces & Flails
  3339 | D:5      | Noticed Eustachio
  3415 | D:5      | Killed Eustachio
  3416 | D:5      | Reached XP level 8. HP: 50/78 MP: 10/10
  3919 | D:6      | Reached skill level 6 in Maces & Flails
  3977 | D:6      | Reached skill level 5 in Dodging
  4009 | D:6      | Identified the +7 trident "Ucke Gic" {venom, Drain rF+ rC+
                  | MP+9}
  4027 | D:6      | Found a transporter.
  4027 | D:6      | Found a transporter.
  4056 | D:6      | Noticed jamesblauser's ghost (novice MiBe)
  4109 | D:6      | Found a staircase to the Ecumenical Temple.
  4142 | Temple   | Entered the Ecumenical Temple
  4424 | Temple   | Became a worshipper of Gozag Ym Sagoz the Greedy
  4547 | D:5      | Bought a scroll of identify for 62 gold pieces
  4547 | D:5      | Bought a scratched moonstone ring for 155 gold pieces
  4811 | D:6      | Reached XP level 9. HP: 78/85 MP: 12/12
  5092 | D:7      | Noticed Maggie
  5104 | D:7      | Killed Maggie
  5105 | D:7      | Reached skill level 7 in Maces & Flails
  5107 | D:7      | HP: 3/87 [poisoned by a water moccasin]
  5107 | D:7      | Slain by a water moccasin

Illustrated notes

Levels and vault maps discovered:
D:1:      giann_wishing_wells, layout_loops_ring, serial_shops,
          nicolae_shop_statue_plus
D:2:      layout_rooms, minmay_misc_feat_diagonals
D:3:      layout_basic, mrwooster_statue_mirror
D:4:      layout_basic, uniq_natasha, uniq_ijyb
D:5:      layout_loops_cross, uniq_eustachio
D:6:      layout_cave_pools, minmay_temple_entry_mist,
          gammafunk_ghost_gnarly_gnolls, chequers_serial_rivers_micro_b
D:7:      layout_rooms, mainiacjoe_overflow_paths,
          nicolae_shop_overcharged_wands, uniq_maggie, uniq_pikel
Temple:   compressed_dpeg_triangle_lava_temple

Skill      XL: |  1  2  3  4  5  6  7  8  9 |
---------------+----------------------------+-----
Maces & Flails | 2 3 4 5 6 7 |  7.1
Dodging        | 3 4 5 |  5.6
Spellcasting   | 1 2 3 |  3.2
Fighting       | 3 4 |  4.9
Shields        | |  2.6

Action                   |  1- 3 |  4- 6 |  7- 9 || total
-------------------------+-------+-------+-------++-------
Melee: Flail             |    72 |       |       ||    72
       Whip              |    59 |   171 |   212 ||   442
       Giant spiked club |       |       |    59 ||    59
Invok: Call Merchant     |       |       |     1 ||     1
  Use: Scroll            |     6 |     5 |     9 ||    20
       Potion            |       |       |     4 ||     4
 Stab: Distracted        |       |       |     1 ||     1
Armor: Robe              |    60 |    33 |    75 ||   168
Dodge: Dodged            |    46 |    45 |   179 ||   270
Block: Kite shield       |    48 |    54 |    78 ||   180
